 Dungeon Crawl Stone Soup version 0.29.1-1-gd02db6906a (webtiles) character file.

Game seed: 2284525769560376444

4485 LustLizard the Carver (level 10, -1/82 HPs)
             Began as a Human Monk on Oct 21, 2022.
             Was a High Priest of Okawaru.
             Slain by Erica
             ... wielding a +4 scimitar of flaming
              (3 damage)
             ... on level 8 of the Dungeon on Oct 22, 2022.
             The game lasted 00:14:56 (9411 turns).

LustLizard the Carver (Human Monk)                  Turns: 9411, Time: 00:14:56

Health: -1/82      AC:  9    Str: 15    XL:     10   Next: 64%
Magic:  0/10       EV: 11    Int: 10    God:    Okawaru [*****.]
Gold:   398        SH:  0    Dex: 23    Spells: 9/9 levels left

rFire   . . .      SeeInvis .   L - +2 falchion (drain)
rCold   . . .      Faith    .   (no shield)
rNeg    . . .      Spirit   +   m - +0 chain mail
rPois   .          Reflect  .   (no helmet)
rElec   .          Harm     .   (no cloak)
rCorr   .          Rampage  .   (no gloves)
Will    .....                   k - +0 pair of boots
Stlth   ..........              d - amulet of guardian spirit
HPRegen 0.23/turn               s - +6 ring of dexterity
MPRegen 0.12/turn               F - +4 ring of evasion

@: slowed, very slow
A: no striking features
a: Renounce Religion, Heroism, Finesse, Duel


You were on level 8 of the Dungeon.
You worshipped Okawaru.
Okawaru was extremely pleased with you.
You visited 1 branch of the dungeon, and saw 8 of its levels.

You collected 398 gold pieces.

Inventory:

Hand Weapons
 a - a +0 falchion
 h - a +0 short sword of venom
 C - a +2 falchion of holy wrath
 L - a +2 falchion of draining (weapon)
Missiles
 g - 50 stones
 x - 19 poisoned darts (quivered)
 D - 11 boomerangs
 I - 3 boomerangs of dispersal
 J - 3 curare-tipped darts
 N - a throwing net
Armour
 b - a +0 robe
 k - a +0 pair of boots (worn)
 m - a +0 chain mail (worn)
Jewellery
 d - an amulet of guardian spirit (around neck)
 q - an amulet of faith
 s - a +6 ring of dexterity (left hand)
 u - a +6 ring of intelligence
 z - a ring of resist corrosion
 F - a +4 ring of evasion (right hand)
 K - a ring of positive energy
Wands
 r - a wand of polymorph (14)
 t - a wand of charming (14)
 B - a wand of iceblast (9)
 M - a wand of flame (35)
Scrolls
 e - 2 scrolls of summoning {unknown}
 f - 2 scrolls of fear {unknown}
 i - 2 scrolls of enchant armour {unknown}
 n - a scroll of amnesia {unknown}
 o - 2 scrolls of blinking {unknown}
 p - 4 scrolls of magic mapping
 v - a scroll of butterflies {unknown}
 y - 2 scrolls of immolation {unknown}
 G - a scroll of poison {unknown}
 H - a scroll of noise {unknown}
Potions
 c - a potion of ambrosia
 j - 2 potions of cancellation
 l - 3 potions of curing
 w - 3 potions of lignification
 A - a potion of magic {unknown}
 E - 3 potions of brilliance
 O - a potion of heal wounds
 P - 2 potions of might {unknown}
 Q - a potion of mutation {unknown}


   Skills:
 + Level 8.8 Fighting
 * Level 12.0 Long Blades
 - Level 4.0 Throwing
 - Level 3.0 Dodging
 - Level 2.0 Stealth


You had 9 spell levels left.
You didn't know any spells.
Your spell library contained the following spells:

 Spells                   Type           Power      Damage    Failure   Level
 Sandblast                Erth           0%         2d4       100%        1
 Shock                    Conj/Air       0%         1d3       100%        1
 Slow                     Hex            0%         N/A       100%        1
 Passwall                 Tmut/Erth      0%         N/A       100%        2
 Confusing Touch          Hex            0%         N/A       100%        3
 Gell's Gravitas          Tloc           0%         N/A       100%        3
 Lesser Beckoning         Tloc           0%         N/A       100%        3
 Stone Arrow              Conj/Erth      0%         3d7       100%        3
 Swiftness                Air            0%         N/A       100%        3
 Teleport Other           Tloc           0%         N/A       100%        3
 Vampiric Draining        Necr           0%         2d6       100%        3
 Airstrike                Air            0%         2d(0-16)  100%        4


Dungeon Overview and Level Annotations

Branches:
Dungeon (8/15)             Temple (0/1) D:6
   Lair: D:8-11

Altars:
Cheibriados
Dithmenos
Elyvilon
Hepliaklqana
Makhleb
Nemelex Xobeh
Okawaru
Ru
Sif Muna
Trog
Uskayaw
Xom
Zin
The Shining One

Annotations:
D:3 2 transporters
D:8 Erica


Message History

You slash Erica!
Erica is moderately wounded.
You hit Erica.
Erica is heavily wounded.
Erica gestures at you while chanting.
You feel yourself slow down.
You hit Erica.
Erica is heavily wounded.
Erica screams, "Die!"
Erica gestures at you while chanting.
You are confused.
You're too confused to move!
Erica hits you with a +4 scimitar of flaming!
Erica burns you.
Erica hits you with a +4 scimitar of flaming!
Erica burns you.
You hit Erica. You drain Erica.
Erica is heavily wounded.
Erica mumbles some strange words.
Erica flickers and vanishes!
Deactivating autopickup; reactivate with Ctrl-A.
You barely miss something. You punch something.
You hear some strange, mumbled words.
A lance of force appears from out of thin air!
The lance of force hits you!
* * * LOW HITPOINT WARNING * * *
You are knocked back by the lance of force.
You slam into the rock wall!
* * * LOW HITPOINT WARNING * * *
You bump into the rock wall.
Something completely misses you.
You barely miss something. Something hits you.
* * * LOW HITPOINT WARNING * * *
Something burns you.
* * * LOW HITPOINT WARNING * * *
You miss something.
You feel less confused. Something hits you!
* * * LOW HITPOINT WARNING * * *
Something burns you.
You die...

# #.###
#####.#.#
....?.{@#
.####(#.# ..
#.#
#######.###
..........#
########.#.#
#........#.#
#.########.#
#. #.#


There were no monsters in sight!

Vanquished Creatures
  A hornet (D:7)
  Prince Ribbit (D:7)
  Sigmund (D:2)
  3 wyverns
  A steam dragon (D:7)
  A water moccasin (D:6)
  2 ice beasts (D:6)
  An orc warrior (D:6)
  4 sky beasts
  3 black bears
  An ogre (D:6)
  3 centaurs
  3 kobold brigands
  2 bullfrogs (D:6)
  A necrophage (D:6)
  10 scorpions
  3 howler monkeys
  2 jellies
  7 hounds
  3 gnoll boudas
  3 iguanas
  Ijyb (D:4)
  4 orc wizards
  Natasha (thrice) (D:2)
  12 gnolls
  6 adders
  An ufetubus (D:4)
  A worm (D:2)
  2 dart slugs
  21 orcs
  4 ball pythons
  2 bats (D:2)
  7 endoplasms
  4 giant cockroaches
  9 hobgoblins
  4 jackals (D:3)
  22 kobolds
  2 quokkas
  A frilled lizard (D:2)
  4 goblins
  4 rats
170 creatures vanquished.

Notes
Turn   | Place    | Note
-------+----------+-------------------------------------------
     0 | D:1      | LustLizard the Human Monk began the quest for the Orb.
     0 | D:1      | Reached XP level 1. HP: 18/18 MP: 1/1
   573 | D:1      | Reached XP level 2. HP: 20/24 MP: 2/2
   918 | D:1      | Found a faded altar of an unknown god.
  1504 | D:2      | Reached XP level 3. HP: 29/29 MP: 3/3
  1510 | D:2      | Noticed Natasha
  1565 | D:2      | Killed Natasha
  1566 | D:2      | Reached skill level 1 in Throwing
  1841 | D:2      | Reached XP level 4. HP: 22/35 MP: 4/4
  1876 | D:2      | Noticed Natasha
  1884 | D:2      | Killed Natasha
  1885 | D:2      | Reached skill level 4 in Long Blades
  2144 | D:2      | Noticed Natasha
  2153 | D:2      | Killed Natasha
  2154 | D:2      | Reached XP level 5. HP: 27/41 MP: 3/5
  2470 | D:2      | Noticed Sigmund
  2509 | D:2      | Killed Sigmund
  2510 | D:2      | Reached skill level 5 in Long Blades
  2510 | D:2      | Reached XP level 6. HP: 27/48 MP: 4/6
  2795 | D:3      | Found a sparkling altar of Nemelex Xobeh.
  2824 | D:3      | Found a bloodstained altar of Trog.
  2925 | D:3      | Found a hide-covered altar of Uskayaw.
  3001 | D:3      | Found a white marble altar of Elyvilon.
  3001 | D:3      | Found a glowing golden altar of the Shining One.
  3132 | D:3      | Found a hazy altar of Hepliaklqana.
  3158 | D:3      | Found a transporter.
  3163 | D:3      | Found a transporter.
  3478 | D:3      | Found a shimmering altar of Xom.
  3623 | D:4      | Noticed a black bear
  3763 | D:4      | Found an iron altar of Okawaru.
  3810 | D:4      | Killed a black bear
  3811 | D:4      | Reached XP level 7. HP: 36/55 MP: 5/7
  3815 | D:4      | Became a worshipper of Warmaster Okawaru
  3815 | D:4      | Reached * piety under Okawaru
  3815 | D:4      | Reached ** piety under Okawaru
  3926 | D:4      | Found a sacrificial altar of Ru.
  4086 | D:4      | Noticed a torpor snail
  4089 | D:4      | Noticed a torpor snail
  4090 | D:4      | Found a snail-covered altar of Cheibriados.
  4090 | D:4      | Noticed a torpor snail
  4101 | D:4      | Found a shadowy altar of Dithmenos.
  4217 | D:4      | Noticed Ijyb
  4234 | D:4      | Killed Ijyb
  4241 | D:4      | Reached skill level 6 in Long Blades
  4375 | D:4      | Found a glowing silver altar of Zin.
  4436 | D:5      | Entered Level 5 of the Dungeon
  4746 | D:5      | Reached skill level 5 in Fighting
  4746 | D:5      | Reached XP level 8. HP: 62/62 MP: 8/8
  5091 | D:5      | Reached skill level 7 in Long Blades
  5749 | D:6      | Reached *** piety under Okawaru
  5858 | D:6      | Reached skill level 8 in Long Blades
  5983 | D:6      | Reached XP level 9. HP: 70/70 MP: 9/9
  6046 | D:6      | Found a burning altar of Makhleb.
  6140 | D:6      | Reached skill level 9 in Long Blades
  6301 | D:6      | Reached **** piety under Okawaru
  6388 | D:6      | Received a gift from Okawaru
  6484 | D:6      | Reached skill level 10 in Long Blades
  6758 | D:6      | Found a staircase to the Ecumenical Temple.
  7262 | D:6      | Reached XP level 10. HP: 50/80 MP: 5/10
  7680 | D:7      | Found a shimmering blue altar of Sif Muna.
  7749 | D:7      | Reached skill level 11 in Long Blades
  8049 | D:7      | Noticed Prince Ribbit
  8064 | D:7      | Killed Prince Ribbit
  8064 | D:7      | Reached ***** piety under Okawaru
  9362 | D:8      | Reached skill level 12 in Long Blades
  9397 | D:8      | Noticed Erica
  9411 | D:8      | HP: 2/82 [something (10)]
  9411 | D:8      | Slain by Erica

Illustrated notes

Levels and vault maps discovered:
D:1:      ncdulo_smallfort, layout_basic, shapermc_ecumenical_altar_petra,
          serial_forest, infiniplex_forest_clump_small,
          infiniplex_forest_straight_5, infiniplex_forest_clump_C,
          infiniplex_forest_clump_long, infiniplex_forest_clump_cross,
          infiniplex_forest_lined_room_
D:2:      layout_basic, uniq_natasha, uniq_sigmund
D:3:      gammafunk_steamed_eel, layout_loops_cross, nicolae_uskayaw_dance_hall,
          mainiacjoe_overflow_catwalk, tgw_xom, old_standard_altar,
          nicolae_hepliaklqana_hazy_memory, jmf_multi_god_temple,
          chequers_mini_garden
D:4:      layout_rooms, lemuel_tele_altar, mainiacjoe_overflow_tiny_flanked,
          cheibriados_altar_2, zin_treasury, lemuel_round_altar, uniq_ijyb
D:5:      layout_layer_cave
D:6:      cheibrodos_barr_body, layout_cave_pools, makhleb_heckhound_becter,
          minmay_temple_entry_fiery, grunt_ministairs_15
D:7:      layout_loops_ring, lemuel_round_altar, uniq_prince_ribbit1
D:8:      layout_basic, mainiacjoe_overflow_cross_hatched, serial_shops, shop,
          uniq_grum, uniq_erica

Skill      XL: |  1  2  3  4  5  6  7  8  9 10 |
---------------+-------------------------------+-----
Throwing       | 1 2 3 4 |  4.0
Long Blades    | 4 5 6 8 10 12 | 12.0
Fighting       | 4 5 6 7 8 |  8.8
Dodging        | |  3.0
Stealth        | |  2.0

Action                   |  1- 3 |  4- 6 |  7- 9 | 10-12 || total
-------------------------+-------+-------+-------+-------++-------
Melee: Falchion          |    20 |       |   291 |   163 ||   474
       Punch             |     3 |       |     2 |     5 ||    10
       Short sword       |    31 |   154 |    44 |       ||   229
Throw: Stone             |     1 |     8 |    29 |       ||    38
       Boomerang         |       |     3 |       |     6 ||     9
       Dart              |       |     3 |     8 |    17 ||    28
Invok: Heroism           |       |       |       |     1 ||     1
  Use: Potion            |       |     1 |       |       ||     1
       Scroll            |       |       |       |     4 ||     4
 Stab: Sleeping          |     4 |       |       |       ||     4
Armor: Robe              |     4 |       |       |       ||     4
       Skin              |       |    13 |       |       ||    13
       Chain mail        |       |    76 |   154 |    57 ||   287
Dodge: Dodged            |    25 |    49 |   159 |    90 ||   323
